 Dungeon Crawl Stone Soup version 0.29.0-11-gd7f09526c8 (webtiles) character file.

Game seed: 2315542427032715118

1362 xian the Trooper (level 8, 0/83 HPs)
             Began as a Troll Delver on Sept 3, 2022.
             Slain by a gnoll
             ... wielding a +0 halberd
             ... led by a gnoll bouda
              (11 damage)
             ... on level 6 of the Dungeon.
             The game lasted 00:13:47 (4324 turns).

xian the Trooper (Troll Delver)                     Turns: 4324, Time: 00:13:47

Health: 0/83       AC:  6    Str: 25    XL:     8   Next: 37%
Magic:  7/7        EV: 11    Int:  6    God:
Gold:   317        SH:  0    Dex: 14    Spells: 7/7 levels left

rFire   . . .      SeeInvis +   b - +11 long sword of the Dancing Genius {freeze, Fly Str+2 Dex+3}
rCold   . . .      Faith    .   (no shield)
rNeg    + . .      Spirit   .   B - +2 robe {rN+}
rPois   +          Reflect  .   (helmet restricted)
rElec   .          Harm     .   (no cloak)
rCorr   .          Rampage  .   (gloves unavailable)
Will    .....                   (boots unavailable)
Stlth   ++........              y - amulet of regeneration
HPRegen 1.83/turn               l - ring of poison resistance
MPRegen 0.10/turn               x - ring of see invisible

@: flying
A: large, unfitting armour, claws 3, regeneration 1, shaggy fur 1, tough skin 1
a: no special abilities


You were on level 6 of the Dungeon.
You visited 1 branch of the dungeon, and saw 6 of its levels.

You collected 317 gold pieces.

Inventory:

Hand Weapons
 b - the +11 long sword of the Dancing Genius (weapon) {freeze, Fly Str+2 Dex+3}
   (You found it on level 6 of the Dungeon)

   It freezes those it strikes, dealing additional cold damage.
   It can also slow down cold-blooded creatures.
   Str:       It affects your strength (+2).
   Dex:       It affects your dexterity (+3).
   Fly:       It grants you flight.
 t - a +0 whip of electrocution
Missiles
 a - 5 javelins (quivered)
 m - 12 poisoned darts
 A - 3 throwing nets
Armour
 B - a +2 robe of positive energy (worn)
Jewellery
 l - a ring of poison resistance (left claw)
 u - a ring of flight
 x - a ring of see invisible (right claw)
 y - an amulet of regeneration (around neck)
Wands
 g - a wand of digging (3)
 i - a wand of iceblast (11)
 n - a wand of polymorph (7)
 z - a wand of charming (8)
Scrolls
 c - 2 scrolls of fog
 d - a scroll of magic mapping
 e - 2 scrolls of fear
 w - 5 scrolls of vulnerability
Potions
 f - 2 potions of haste
 h - 2 potions of brilliance
 k - 3 potions of lignification
 o - 2 potions of resistance
 p - 3 potions of curing
 q - a potion of heal wounds
 r - a potion of invisibility {unknown}
 s - 2 potions of degeneration {unknown}
 v - a potion of magic {unknown}


   Skills:
 * Level 5.8 Fighting
 * Level 1.1 Long Blades
 - Level 5.1 Maces & Flails
 + Level 1.3 Throwing
 + Level 4.3 Dodging
 - Level 3.1 Stealth


You had 7 spell levels left.
You didn't know any spells.
Your spell library contained the following spells:

 Spells                   Type           Power      Damage    Failure   Level
 Necrotise                Necr           0%         1d4       45%         1
 Shock                    Conj/Air       0%         1d3       45%         1
 Call Canine Familiar     Summ           0%         N/A       83%         3
 Portal Projectile        Hex/Tloc       0%         N/A       83%         3
 Swiftness                Air            0%         N/A       83%         3
 Airstrike                Air            0%         2d(0-16)  99%         4
 Hailstorm                Conj/Ice       0%         3d3       99%         4
 Ice Form                 Ice/Tmut       0%         N/A       99%         4
 Leda's Liquefaction      Hex/Erth       0%         N/A       99%         4
 Simulacrum               Ice/Necr       0%         N/A       100%        6


Dungeon Overview and Level Annotations

Branches:
Dungeon (6/15)
 Temple: D:4-7

Altars:
Elyvilon
Qazlal
Vehumet
The Shining One

Shops:
D:1 (   D:3 (


Innate Abilities, Weirdness & Mutations

You are too large for most types of armour.
You have claws for hands.
Your natural rate of healing is unusually fast.
You are covered in fur. (AC +1)
You have tough skin. (AC +1)


Message History

The black bear closely misses you.
You barely miss the black bear.
The black bear is severely wounded.
Your attacks no longer feel as feeble.
The gnoll is no longer moving quickly.
The black bear barely misses you. The black bear misses you.
The black bear claws you but does no damage.
The black bear bites you but does no damage.
The black bear claws you. x2
You slash the black bear! You freeze the black bear.
You kill the black bear!
Your Long Blades skill increases to level 1!
You barely miss the gnoll. The gnoll hits you with a +0 whip.
The gnoll barely misses you.
You hit the gnoll but do no damage. The gnoll closely misses you.
The gnoll hits you with a +0 whip. The gnoll hits you with a +0 flail.
The gnoll closely misses you.
Unknown command.
You closely miss the gnoll. The gnoll hits you but does no damage.
The gnoll barely misses you. The gnoll closely misses you.
The gnoll completely misses you.
You slash the gnoll! You freeze the gnoll.
You kill the gnoll!
The gnoll hits you from afar with a +0 halberd!
The gnoll hits you with a +0 flail.
You barely miss the gnoll.
The gnoll hits you from afar with a +0 halberd.
The gnoll barely misses you. x2; The gnoll hits you with a +0 flail!
The gnoll closely misses you. The gnoll hits you but does no damage.
You hit the gnoll but do no damage. The gnoll misses you.
The gnoll barely misses you. The gnoll misses you. The gnoll barely misses you.
The gnoll hits you from afar with a +0 halberd!
* * * LOW HITPOINT WARNING * * *
The gnoll closely misses you.
You completely miss the gnoll.
The gnoll hits you from afar with a +0 halberd!
* * * LOW HITPOINT WARNING * * *
The gnoll hits you but does no damage.
The gnoll hits you from afar with a +0 halberd!
You die...

#.........##.........
#.#.....#.............
#...._....##.....#.....
#.#.....#.##...........g
##.........##............
##..#.⌠.⌠.#.##............
#...........##............
#...#.....#.g#gg..........
#...........@ggg..........
###...#.#.).###g..........
#####......###....!.....
##.>..## ##.#..$.#..
##...# ###....# #####
##$.# ###


You could see 7 gnolls.

Vanquished Creatures
  Grinder (D:5)
  A sky beast (D:6)
  3 black bears
  3 wights (D:6)
  4 hounds
  A jelly (D:5)
  2 gnoll boudas (D:6)
  An orc priest (D:5)
  3 iguanas
  Ijyb (D:2)
  An orc wizard (D:5)
  7 gnolls
  10 adders
  2 ufetubi (D:5)
  5 worms (D:3)
  3 dart slugs
  13 orcs
  2 ball pythons
  3 bats
  4 endoplasms
  3 giant cockroaches
  11 goblins
  7 hobgoblins
  3 kobolds
  4 quokkas
  A frilled lizard (D:3)
  4 rats
103 creatures vanquished.

Vanquished Creatures (others)
  A plant (D:1)
1 creature vanquished.

Grand Total: 104 creatures vanquished

Notes
Turn   | Place    | Note
-------+----------+-------------------------------------------
     0 | D:5      | xian the Troll Delver began the quest for the Orb.
     0 | D:5      | Reached XP level 1. HP: 22/22 MP: 0/0
    46 | D:5      | Noticed an orc priest
    99 | D:4      | Noticed a hound
    99 | D:4      | Noticed a black bear
   100 | D:4      | Noticed an iguana
   266 | D:3      | Reached XP level 2. HP: 29/29 MP: 1/1
   381 | D:2      | Reached XP level 3. HP: 20/36 MP: 2/2
  1088 | D:2      | Noticed Ijyb
  1109 | D:2      | Killed Ijyb
  1110 | D:2      | Reached XP level 4. HP: 45/45 MP: 3/3
  1341 | D:1      | Found a faded altar of an unknown god.
  1352 | D:1      | Got Plato's Papyrus of Mortification
  1456 | D:1      | Found Ydote's Weapon Shop.
  1941 | D:3      | Found Gaolyfaf's Weapon Shoppe.
  1981 | D:3      | Reached XP level 5. HP: 53/53 MP: 4/4
  2480 | D:3      | Found a faded altar of an unknown god.
  2484 | D:3      | Found a stormy altar of Qazlal.
  2615 | D:4      | Killed a black bear
  2708 | D:4      | Reached XP level 6. HP: 46/62 MP: 5/5
  3292 | D:5      | Reached XP level 7. HP: 49/70 MP: 6/6
  3325 | D:5      | Found a glowing golden altar of the Shining One.
  3325 | D:5      | Noticed Grinder
  3374 | D:5      | Paralysed by Grinder for 2 turns
  3381 | D:5      | Killed Grinder
  3497 | D:5      | Found a radiant altar of Vehumet.
  3526 | D:5      | Reached skill level 5 in Fighting
  4151 | D:6      | Reached skill level 5 in Maces & Flails
  4151 | D:6      | Reached XP level 8. HP: 46/80 MP: 7/7
  4198 | D:6      | Reached skill level 1 in Throwing
  4206 | D:6      | Found a white marble altar of Elyvilon.
  4248 | D:6      | Identified the +11 long sword of the Dancing Genius
                  | {freeze, Fly Str+2 Dex+3}
  4318 | D:6      | Reached skill level 1 in Long Blades
  4324 | D:6      | Slain by a gnoll

Illustrated notes

Levels and vault maps discovered:
D:1:      erik_arrival_triangle_medium, layout_basic,
          shapermc_ecumenical_altar_rom_forum, serial_shops,
          nicolae_shop_bloodbath_and_beyond, serial_bayou_lake_a
D:2:      kennysheep_the_goblin_king, layout_loops_ring
D:3:      layout_loops_ring, nicolae_overflow_ecumenical_swirl, serial_shops,
          shop, minmay_between
D:4:      layout_basic, minmay_misc_feat_ornament
D:5:      layout_loops_corners, mainiacjoe_overflow_cross_hatched,
          kennysheep_mini_moat, uniq_grinder
D:6:      layout_cave_pools, elyvilon_altar_5, yredelemnul_altar_generic,
          biasface_ghost_orc_armoury, minmay_starry_boxes

Skill      XL: |  1  2  3  4  5  6  7  8 |
---------------+-------------------------+-----
Stealth        | 3 |  3.1
Maces & Flails | 2 3 4 5 |  5.1
Dodging        | 2 3 4 |  4.3
Fighting       | 3 4 5 |  5.8
Throwing       | 1 |  1.3
Long Blades    | 1 |  1.1

Action                   |  1- 3 |  4- 6 |  7- 9 || total
-------------------------+-------+-------+-------++-------
Melee: Mace              |   122 |    64 |       ||   186
       Punch             |     1 |     3 |     1 ||     5
       Whip              |       |   114 |   130 ||   244
       Long sword        |       |       |    29 ||    29
Throw: Javelin           |       |     4 |     6 ||    10
  Use: Scroll            |     1 |     7 |     1 ||     9
 Stab: Sleeping          |       |     5 |     4 ||     9
       Distracted        |       |     1 |       ||     1
Armor: Robe              |    49 |    66 |    42 ||   157
       Skin              |     5 |     3 |       ||     8
Dodge: Dodged            |    79 |   101 |   120 ||   300
